 Dungeon Crawl Stone Soup version 0.23-a0-164-g7711e57 (webtiles) character file.

51 mopl the Magician (level 3, 0/19 HPs)
             Began as a Deep Elf Fire Elementalist on Sept 9, 2018.
             Slain by an adder (2 damage)
             ... on level 2 of the Dungeon.
             The game lasted 00:02:23 (1630 turns).

mopl the Magician (Deep Elf Fire Elementalist)      Turns: 1630, Time: 00:02:23

Health: 0/19       AC:  2    Str:  5    XL:     3   Next: 57%
Magic:  7/10       EV: 13    Int: 20    God:
Gold:   27         SH:  0    Dex: 15    Spells: 6/10 levels left

rFire    . . .     SeeInvis .   f - +3 dagger (venom)
rCold    . . .     Gourm    .   (no shield)
rNeg     . . .     Faith    .   a - +0 robe
rPois    .         Spirit   .   (no helmet)
rElec    .         Reflect  .   (no cloak)
rCorr    +         Harm     .   (no gloves)
MR       .....                  (no boots)
Stlth    ++........             (no amulet)
HPRegen  0.06/turn              g - ring of resist corrosion
MPRegen  0.12/turn              (no ring)

@: lethally poisoned (0 -> -4)
A: no striking features
a: no special abilities


You were on level 2 of the Dungeon.
You were not hungry.

You visited 1 branch of the dungeon, and saw 2 of its levels.

You collected 27 gold pieces.

Inventory:

Hand Weapons
 f - a +3 dagger of venom (weapon)
Missiles
 e - 4 curare-tipped needles
Armour
 a - a +0 robe (worn)
 j - a +0 pair of gloves
Jewellery
 g - a ring of resist corrosion (left hand)
Scrolls
 b - a scroll of blinking {unknown}
 d - a scroll of remove curse {unknown}
 h - a scroll of enchant armour {unknown}
 l - a scroll of identify {unknown}
Potions
 i - a potion of cancellation {unknown}
Comestibles
 c - a ration
 k - a chunk of flesh


   Skills:
 - Level 2.4 Dodging
 - Level 2.4 Stealth
 + Level 4.0 Spellcasting
 + Level 2.3 Conjurations
 + Level 3.9 Fire Magic


You had 6 spell levels left.
You knew the following spells:

 Your Spells              Type           Power        Failure   Level  Hunger
a - Flame Tongue          Conj/Fire      ###..        3%          1    None
c - Conjure Flame         Conj/Fire      ###.....     11%         3    ###....

Your spell library contained the following spells:

 Spells                   Type           Power        Failure   Level  Hunger
 Throw Flame              Conj/Fire      ###...       5%          2    #......
 Inner Flame              Hex/Fire       ##......     17%         3    ###....
 Sticky Flame             Conj/Fire      ###.....     34%         4    ####...
 Fireball                 Conj/Fire      ###.......   67%         5    ######.


Dungeon Overview and Level Annotations

Branches:
Dungeon (2/15)

Altars:


Message History

The adder is moderately wounded.
The adder bites you.
Casting: Flame Tongue (safe; 3% risk of failure)
Confirm with . or Enter, or press ? or * to list all spells.
Aiming: Flame Tongue (safe; 3% risk of failure)
Press: ? - help, Shift-Dir - straight line, f - adder
Aim: an adder (moderately wounded, poisoned)
The flame tongue hits the adder.
The adder is moderately wounded.
You feel sick. The adder bites you.
* * * LOW HITPOINT WARNING * * *
The adder barely misses you.
Unknown command.
Casting: Flame Tongue (safe; 3% risk of failure)
Confirm with . or Enter, or press ? or * to list all spells.
Aiming: Flame Tongue (safe; 3% risk of failure)
Press: ? - help, Shift-Dir - straight line, f/p - adder
Aim: an adder (severely wounded, poisoned)
The flame tongue misses the adder.
The adder bites you.
You die...

###'####............#
#.####............#
######.................######
#.................((........#
#.............#############.##
#.............# #..........
###########.#.# #........##
#.#.# #..#....... #.#@#
#..#.#####. #.#S# #..#.# ##
#.#.. #..#.# ..#### #(.#<# ###
#.[### #..


You could see an adder.

Vanquished Creatures
  2 oozes (D:1)
  A dart slug (D:1)
  2 leopard geckos (D:1)
  2 bats (D:1)
  A giant cockroach (D:1)
  4 goblins (D:1)
  3 hobgoblins (D:1)
  7 jackals
  5 kobolds
  3 frilled lizards (D:1)
  5 rats
35 creatures vanquished.

Notes
Turn   | Place    | Note
-------+----------+-------------------------------------------
     0 | D:1      | mopl the Deep Elf Fire Elementalist began the quest for the
                  | Orb.
     0 | D:1      | Reached XP level 1. HP: 10/10 MP: 6/6
   153 | D:1      | Reached XP level 2. HP: 15/15 MP: 1/8
   550 | D:1      | Reached skill level 2 in Conjurations
   661 | D:1      | Reached XP level 3. HP: 5/19 MP: 10/10
  1579 | D:2      | Reached skill level 4 in Spellcasting
  1590 | D:2      | Learned a level 3 spell: Conjure Flame
  1630 | D:2      | Slain by an adder

Vault maps used:
D:1:      dpeg_arrival_rooms_c, kennysheep_decorative_pillar,
          minmay_small_reverse_x
D:2:      minmay_wonky_spiral, tgw_xom

Skill      XL: |  1  2  3 |
---------------+----------+-----
Conjurations   | 2 |  2.3
Spellcasting   | 4 |  4.0
Dodging        | |  2.4
Stealth        | |  2.4
Fire Magic     | |  3.9

Action                   || total
-------------------------++-------
Melee: Dagger            ||    43
 Cast: Flame Tongue      ||    48
  Eat: Chunk             ||     2
Armor: Robe              ||    12
Dodge: Dodged            ||    45

Table legend:
 A = Non-vault XP
 B = Vault XP
 C = Vault XP percentage of total XP
 D = Non-vault monster count
 E = Vault monster count
 F = Vault count percentage of total count
                 A         B        C        D         E       F
            +---------+---------+-------+---------+---------+-------
      Total |      60 |      13 |  17.8 |      31 |       4 |  11.4
            +---------+---------+-------+---------+---------+-------
        D:1 |      49 |      13 |  21.0 |      25 |       4 |  13.8
        D:2 |      11 |       0 |   0.0 |       6 |       0 |   0.0
            +---------+---------+-------+---------+---------+-------
